Arrhythmia, chaotic female vampiric Convict ------ --- - --....| |. .--...-.--- |.- |.........--- --.| --.....--...----..| - |.....-|....-|.u.|.| ---......|.....|..@#.| |.......-|.|..----_| | |.....---|.|.-- --.| --..--- |...-- |.0| ---- |..).| --.| |....| |%| |...-- |%| |<----- |.| |...|.| |.| ---...---.| |......)| ----....| ----.- |... ---- Arrhythmia the Jail-bird Experience level: 7 Strength: 13 Dexterity: 15 Constitution: 19 Intelligence: 10 Wisdom: 8 Charisma: 11 Health: 0(81) Energy: 45(45) AC: 10 Gold: 535 Moves: 2106 Your Inventory: Coins $ - 535 gold pieces Weapons e - an [uncursed +0] dagger o - 10 [blessed +0 thirsty] darts (in quiver) t - an [uncursed +0] runed dagger [elven] (weapon in hand) Armor b - a cursed +0 striped shirt (being worn) q - a cursed -1 pair of hard shoes [iron] (being worn) y - a cursed -1 hooded cloak [dwarvish] (being worn) E - a [cursed -1] hooded cloak [dwarvish] Scrolls h - an [uncursed] scroll labeled GARVEN DEH [of light] i - an [uncursed] scroll labeled DAIYEN FOOELS [of create monster] x - a [cursed] scroll labeled GHOTI [of identify] Rings w - a [cursed -1] clay ring [of protection] Wands g - an [uncursed] bamboo wand [of secret door detection (0:14)] Tools f - an [uncursed] bag [sack] r - an [uncursed +0] pick-axe u - an [uncursed oil] lamp called Regular (lit) B - a [blessed oil] lamp called Regular C - an [uncursed tallow] candle Gems m - an [uncursed] green gem [worthless glass] n - an [uncursed] yellowish brown gem [worthless glass] z - an [uncursed] red gem [worthless glass] D - an [uncursed] blue gem [worthless glass] Iron balls c - an [uncursed] heavy iron ball (chained to you) Spells known in the end: Name Level Category Fail Memory a - drain life 2 attack 100% [||||||||] b - jumping 1 escape 42% [||||||||] Your skills at the end: Fighting Skills Weapon Skills sling [Basic / Skilled] Spellcasting Skills Final Attributes: You were piously aligned. Hunger level was 233. Your alignment was 20 / 20. Monster difficulty range was 1 - 6. Level difficulty was 6. You were immune to poison. You were immune to level-drain. You were immune to sickness. You were punished. You could fly. You could survive without air. You regenerated. Your luck was zero. You are dead. Vanquished creatures: a leprechaun 4 gnome lords a gnomish wizard a guardian naga hatchling a baby crocodile 5 dwarves 2 hill orcs a rothe an iguana 4 killer bees an acid blob a coyote a gas spore 3 hobbits 2 manes a cave spider a green mold 25 gnomes 3 gnome zombies a gecko 6 jackals 3 kobolds a goblin 2 grid bugs 3 lichens a kobold zombie 76 creatures vanquished. Voluntary challenges: You used a wielded weapon 63 times. You read items or engraved 114 times. You put on armor 6 times. You never genocided any monsters. You never polymorphed an object. You never changed form. You used no wishes. You wrote Elbereth's name 55 times. You never encountered a bones level. You never used any Sokoban shortcuts. Dungeon overview: The Dungeons of Doom: levels 1 to 3 Level 1 a long staircase Level 3 a general store stairs to The Gnomish Mines The Gnomish Mines: levels 4 to 6 Level 4 stairs to The Dungeons of Doom Level 6 <- You were here History has recorded: On T:1 you entered the Dungeons of Doom to retrieve the Amulet of Yendor! On T:77 you advanced to experience level 2. On T:310 you reached level 2 of The Dungeons of Doom. On T:435 you advanced to experience level 3. On T:628 you advanced to experience level 4. On T:715 you reached level 3 of The Dungeons of Doom. On T:983 you reached level 1 of The Gnomish Mines. On T:1003 you advanced to experience level 5. On T:1134 you advanced to experience level 6. On T:1634 you reached level 2 of The Gnomish Mines. On T:1701 you advanced to experience level 7. On T:2017 you reached level 3 of The Gnomish Mines. Latest messages: [HP+1=43] The blood in this corpse has coagulated! [HP+1=44] [HP+1=45] [HP+1=46] [HP+1=47] [HP+1=48] The gray unicorn butts! The gray unicorn kicks! The gray unicorn butts! The gray unicorn kicks! [HP-13=35] You miss the gray unicorn. (2x) The gray unicorn butts! The gray unicorn kicks! The gray unicorn butts! The gray unicorn kicks! [HP-27=8] You miss the gray unicorn. (2x) The gray unicorn butts! You die... The sack is empty. Final status: Goodbye Arrhythmia the Convict... You died in The Gnomish Mines on dungeon level 6 with 2730 points, and 535 pieces of gold, after 2106 moves. You were level 7 with a maximum of 81 hit points when you died.